 Dungeon Crawl Stone Soup version 0.26.1-11-gd32895ea62 (webtiles) character file.

Game seed: 456037095196917149

6352 ZappyNine the Blocker (level 11, -3/91 HPs)
             Began as a Formicid Fighter on May 14, 2021.
             Was a Believer of Qazlal.
             Slain by woolyfrog's ghost (5 damage)
             ... on level 10 of the Dungeon.
             The game lasted 00:18:43 (10704 turns).

ZappyNine the Blocker (Formicid Fighter)           Turns: 10704, Time: 00:18:43

Health: -3/91      AC: 10    Str: 23      XL:     11   Next: 17%
Magic:  15/15      EV: 14    Int:  9      God:    Qazlal [**....]
Gold:   1302       SH: 16    Dex: 12 (16) Spells: 10/10 levels left

rFire    . . .     SeeInvis +   d - +5 scythe (protect)
rCold    . . .     Faith    .   c - +1 kite shield
rNeg     . . .     Spirit   .   t - +2 scale mail of Tunleo {Stlth+}
rPois    .         Reflect  .   (helmet unavailable)
rElec    .         Harm     .   p - scarf {repulsion}
rCorr    .         Rampage  .   (no gloves)
Will     +....                  (no boots)
Stlth    +.........             G - amulet of magic regeneration
HPRegen  0.25/turn              u - +4 ring of evasion
MPRegen  0.39/turn              D - +6 ring of dexterity

@: repel missiles
A: permanent stasis, dig shafts and tunnels, four strong arms, antennae 3
a: Dig, Shaft Self, Renounce Religion, Upheaval


You were on level 10 of the Dungeon.
You worshipped Qazlal.
Qazlal was pleased with you.
You visited 2 branches of the dungeon, and saw 11 of its levels.
You also visited: Bailey.

You collected 1302 gold pieces.

Inventory:

Hand Weapons
 a - a +0 long sword
 d - a +5 scythe of protection (weapon)
 A - a +0 battleaxe of freezing
Armour
 c - a +1 kite shield (worn)
 p - a scarf of repulsion (worn)
 t - the +2 scale mail of Tunleo (worn) {Stlth+}
   (You found it on level 4 of the Dungeon)

   It makes you more stealthy.
 x - +0 steam dragon scales
 I - a +0 troll leather armour
Jewellery
 o - an uncursed ring of fire
 u - a +4 ring of evasion (left hand)
 y - an uncursed ring of magical power
 C - an uncursed ring of stealth
 D - a +6 ring of dexterity (right hand)
 E - an uncursed ring of protection from cold
 G - an amulet of magic regeneration (around neck)
 K - an uncursed ring of positive energy
Wands
 r - a wand of digging (1)
Scrolls
 e - a scroll of noise
 f - 3 scrolls of remove curse
 j - 3 scrolls of magic mapping
 l - 2 scrolls of enchant weapon
 v - 2 scrolls of enchant armour
 B - 2 scrolls of blinking {unknown}
 F - a scroll of amnesia
 M - a scroll of vulnerability {unknown}
Potions
 k - a potion of haste
 m - 4 potions of curing
 q - 3 potions of attraction
 w - a potion of berserk rage
 z - a potion of brilliance
 J - a potion of lignification


   Skills:
 + Level 10.2 Fighting
 - Level 2.0 Long Blades
 - Level 10.1 Armour
 + Level 0.5 Dodging
 + Level 11.0 Shields
 + Level 6.3 Invocations


You had 10 spell levels left.
You didn't know any spells.
Your spell library contained the following spells:

 Spells                   Type           Power        Failure   Level
 Animate Skeleton         Necr           0%           65%         1
 Apportation              Tloc           0%           65%         1
 Corona                   Hex            0%           65%         1
 Magic Dart               Conj           0%           65%         1
 Summon Small Mammal      Summ           0%           65%         1
 Searing Ray              Conj           0%           78%         2
 Dazzling Flash           Conj/Hex       0%           95%         3
 Fulminant Prism          Conj/Hex       0%           100%        4
 Iskenderun's Mystic Bla  Conj/Tloc      0%           100%        4


Dungeon Overview and Level Annotations

Branches:
Dungeon (10/15)            Temple (1/1) D:4          Bailey (visited)
   Lair: D:8-11         Orc: D:9-12

Altars:
Ashenzari
Cheibriados
Dithmenos
Elyvilon
Fedhas
Gozag
Hepliaklqana
Kikubaaqudgha
Makhleb
Nemelex Xobeh
Okawaru
Qazlal
Ru
Sif Muna
Trog
Uskayaw
Vehumet
Wu Jian
Xom
Yredelemnul
Zin
The Shining One

Shops:
D:5 *   D:6 :   D:9 :

Annotations:
D:4 3 runed translucent doors, tardwrangler69's ghost, amateur MfGl
D:10 1 transporter, woolyfrog's ghost, journeyman MiFi


Innate Abilities, Weirdness & Mutations

You cannot be hasted, slowed, berserked, paralysed or teleported.
You can dig through walls and to a lower floor.
Your four strong arms can wield two-handed weapons with a shield.
You have a pair of large antennae on your head. (SInv)


Message History

The quasit barely misses you. You block the quasit's attack.
The quasit claws you but does no damage.
Woolyfrog's ghost hits you!!
* * * LOW HITPOINT WARNING * * *
Woolyfrog's ghost freezes you.
* * * LOW HITPOINT WARNING * * *
The quasit bites you but does no damage.
The quasit barely misses you. The quasit closely misses you.
You feel better.
Woolyfrog's ghost hits you but does no damage.
The quasit completely misses you. The quasit claws you.
* * * LOW HITPOINT WARNING * * *
You feel clumsy.
The quasit claws you but does no damage.
Unknown command.
Unknown command.
You feel better. Woolyfrog's ghost hits you!
* * * LOW HITPOINT WARNING * * *
Woolyfrog's ghost freezes you.
You die...

...###............## ...#
#.............##
≈..###.............>##
≈.............[......##
≈.....................##
≈...........###........##
≈..........##.#####.....##
...........#....°.##.....##
..........##..#.@5.##.....#
..........# #...#W.©#.....#
..........#..#.##..##.....#
..≈≈≈≈≈...##.#...#.#©.....#
..≈≈≈≈≈....#)#.....##....>#
..≈≈≈≈≈..!©#:=.©#.$.#.....#
<[≈≈≈≈≈....#$.#...#.#.....#
..≈≈≈≈≈...##.....#.##.....#
..........#..#.#...#......#


You could see a quasit and woolyfrog's ghost.

Vanquished Creatures
  A troll (D:9)
  7 yaks (D:10)
  Sigmund (D:3)
  2 steam dragons (D:6)
  Menkaure (D:4)
  A neqoxec (D:10)
  A water moccasin (D:9)
  An acid dragon (D:10)
  An ice beast (D:10)
  5 orc warriors
  A sky beast (D:8)
  A necrophage (D:9)
  2 black bears
  2 phantoms
  4 centaurs
  5 ogres
  A big kobold (D:7)
  3 scorpions
  6 killer bees (D:9)
  5 wights (D:9)
  3 electric eels (D:10)
  A centaur zombie (D:9)
  A bullfrog zombie (D:5)
  4 quasits
  2 centaur skeletons (D:7)
  A jelly (D:10)
  4 orc priests
  4 hounds
  Crazy Yiuf (D:5)
  2 bullfrog skeletons
  Ijyb (D:3)
  Terence (D:3)
  2 iguanas
  12 orc wizards
  10 worker ants
  A hound skeleton (D:6)
  5 gnolls
  10 adders
  A shadow imp (D:7)
  A white imp (D:8)
  An ufetubus (D:9)
  2 oozes
  An adder zombie (D:8)
  An adder skeleton (D:5)
  2 worms
  3 dart slugs
  5 leopard geckos
  32 orcs
  3 ball pythons (D:2)
  7 giant cockroaches
  12 goblins
  10 hobgoblins
  18 jackals
  7 quokkas
  4 bats
  8 frilled lizards
  9 kobolds
  A quokka skeleton (D:9)
  5 rats
249 creatures vanquished.

Vanquished Creatures (others)
  2 fungi (D:6)
2 creatures vanquished.

Grand Total: 251 creatures vanquished

Notes
Turn   | Place    | Note
-------+----------+-------------------------------------------
     0 | D:1      | ZappyNine the Formicid Fighter began the quest for the Orb.
     0 | D:1      | Reached XP level 1. HP: 18/18 MP: 1/1
   154 | D:1      | Reached XP level 2. HP: 23/24 MP: 2/2
   236 | D:1      | Reached skill level 4 in Shields
   393 | D:1      | Reached XP level 3. HP: 26/26 MP: 3/3
   866 | D:2      | Reached XP level 4. HP: 35/37 MP: 4/4
  1814 | D:3      | Noticed Ijyb
  1832 | D:3      | Killed Ijyb
  1833 | D:3      | Reached XP level 5. HP: 43/43 MP: 5/5
  1916 | D:3      | Noticed Sigmund
  1935 | D:3      | Killed Sigmund
  1936 | D:3      | Reached skill level 5 in Fighting
  1936 | D:3      | Reached skill level 5 in Armour
  1936 | D:3      | Reached skill level 5 in Shields
  1936 | D:3      | Reached XP level 6. HP: 40/51 MP: 6/6
  2468 | D:3      | Noticed Terence
  2477 | D:3      | Killed Terence
  2645 | D:4      | Got a spiked scale mail
  2656 | D:4      | Identified the +2 scale mail of Tunleo {Stlth+} (You found
                  | it on level 4 of the Dungeon)
  2798 | D:4      | Reached XP level 7. HP: 56/56 MP: 7/7
  2820 | D:4      | Noticed tardwrangler69's ghost (amateur MfGl)
  2825 | D:4      | Found a runed translucent gate.
  2825 | D:4      | Found a runed translucent gate.
  2825 | D:4      | Found a runed translucent gate.
  2905 | D:4      | Reached skill level 6 in Shields
  3179 | D:4      | Found a staircase to the Ecumenical Temple.
  3387 | Temple   | Entered the Ecumenical Temple
  3471 | Temple   | Became a worshipper of Qazlal Stormbringer
  3554 | D:4      | Noticed Menkaure
  4046 | D:4      | Killed Menkaure
  4047 | D:4      | Reached XP level 8. HP: 41/64 MP: 8/8
  4367 | D:5      | Entered Level 5 of the Dungeon
  4409 | D:5      | Found Tipokait's General Store.
  4454 | D:5      | Reached skill level 7 in Shields
  5252 | D:5      | Found a runed translucent door.
  5253 | D:5      | Noticed Crazy Yiuf
  5293 | D:5      | Killed Crazy Yiuf
  5696 | D:6      | Found Xixtehu's Book Boutique.
  5997 | D:6      | Reached skill level 8 in Shields
  6008 | D:6      | Reached XP level 9. HP: 57/72 MP: 9/9
  6225 | D:6      | Found a hazy altar of Hepliaklqana.
  6634 | D:7      | Reached * piety under Qazlal
  6661 | D:7      | Reached skill level 9 in Shields
  7196 | D:8      | Reached skill level 1 in Invocations
  7527 | D:8      | Found a hide-covered altar of Uskayaw.
  7787 | D:8      | Reached XP level 10. HP: 79/82 MP: 11/11
  8360 | D:9      | Reached ** piety under Qazlal
  8385 | D:9      | Reached skill level 10 in Shields
  8573 | D:9      | Found Seuwk's Book Shoppe.
  8742 | D:9      | Found a flagged portal.
  8754 | Bailey   | Entered a bailey
  9151 | Bailey   | Found an iron altar of Okawaru.
  9983 | D:10     | Entered Level 10 of the Dungeon
  9987 | D:10     | Reached skill level 5 in Invocations
 10121 | D:10     | Found a transporter.
 10125 | D:10     | Noticed woolyfrog's ghost (journeyman MiFi)
 10403 | D:10     | Reached XP level 11. HP: 90/90 MP: 15/15
 10444 | D:10     | Reached skill level 10 in Fighting
 10444 | D:10     | Reached skill level 10 in Armour
 10512 | D:10     | Reached skill level 11 in Shields
 10527 | D:10     | Found a transporter.
 10623 | D:10     | Found the +12 Vampire's Tooth {vamp}
 10688 | D:10     | Reached *** piety under Qazlal
 10702 | D:10     | HP: 4/91 [woolyfrog's ghost (19)]
 10702 | D:10     | HP: 1/91 [woolyfrog's ghost (3)]
 10704 | D:10     | Slain by woolyfrog's ghost

Illustrated notes

Levels and vault maps discovered:
D:1:      mrwooster_arrival_statue_3, layout_basic, hex_tiny
D:2:      minmay_door_path, layout_basic, kennysheep_generic_room_2
D:3:      layout_basic, uniq_ijyb, uniq_sigmund, uniq_terence
D:4:      layout_cave_pods, minmay_temple_entry_fiery, gammafunk_ghost_split,
          uniq_menkaure
D:5:      layout_rooms, serial_shops, nicolae_shop_statue_plus,
          lemuel_another_geyser, uniq_crazy_yiuf_cottage
D:6:      kennysheep_steamy, layout_loops_ring, nzn_hepliaklqana_mist_gate,
          serial_shops, nicolae_shop_trees
D:7:      layout_gridville
D:8:      layout_cave_pods, basic_altar
D:9:      layout_long_grid, serial_shops, shop, enter_bailey_5
D:10:     layout_big_octagon, gammafunk_ghost_stat_death
Temple:   grunt_wide_crystal_templ

Skill      XL: |  1  2  3  4  5  6  7  8  9 10 11 |
---------------+----------------------------------+-----
Shields        | 4 5 6 8 9 10 11 | 11.0
Fighting       | 4 5 6 7 8 9 10 | 10.2
Armour         | 4 5 6 7 8 9 10 | 10.1
Invocations    | 2 5 6 |  6.3
Long Blades    | |  2.0
Dodging        | |  0.5

Action                   |  1- 3 |  4- 6 |  7- 9 | 10-12 || total
-------------------------+-------+-------+-------+-------++-------
Melee: Long sword        |   116 |   101 |       |       ||   217
       Scythe            |       |    56 |   347 |   244 ||   647
Invok: Upheaval          |       |       |       |     2 ||     2
 Abil: Dig               |       |     1 |     5 |     1 ||     7
  Use: Potion            |       |     2 |     2 |     6 ||    10
       Scroll            |       |       |    17 |     6 ||    23
Armor: Scale mail        |    47 |    88 |   161 |    91 ||   387
       Skin              |       |    14 |       |       ||    14
       Troll leather arm |       |       |       |    15 ||    15
Dodge: Dodged            |    40 |    65 |   220 |   222 ||   547
Block: Kite shield       |    74 |    94 |   304 |   394 ||   866
       Rpst.: Long sword |     8 |    14 |       |       ||    22
